 Dungeon Crawl Stone Soup version 0.29.1-15-g9cfb28693d (webtiles) character file.

Game seed: 9306281283069392459

61 shayaa the Slasher (level 3, -1/33 HPs)
             Began as a Draconian Chaos Knight on Apr 28, 2023.
             Was a Plaything of Xom.
             Succumbed to their own poison gas
             ... on level 1 of the Dungeon.
             The game lasted 00:23:35 (2331 turns).

shayaa the Slasher (Draconian Chaos Knight)         Turns: 2331, Time: 00:23:36

Health: -1/33      AC:  6    Str: 15    XL:     3   Next: 83%
Magic:  3/3        EV: 12    Int:  9    God:    Xom [..*...]
Gold:   229        SH:  0    Dex: 14    Spells: 2/2 levels left

rFire   . . .      SeeInvis .   a - +0 falchion (chaos)
rCold   . . .      Faith    .   (no shield)
rNeg    . . .      Spirit   .   (body armour unavailable)
rPois   .          Reflect  .   (helmet restricted)
rElec   .          Harm     .   (no cloak)
rCorr   .          Rampage  .   (no gloves)
Will    .....                   p - +0 pair of boots
Stlth   +.........              (no amulet)
HPRegen 0.11/turn               (no ring)
MPRegen 0.08/turn               (no ring)

@: lethally poisoned (-1 -> -14)
A: AC +5, unfitting armour, cold-blooded, talons 1, agile 1, dopey 1, screaming
2, inability to read after injury 1
a: Renounce Religion


You were on level 1 of the Dungeon.
You worshipped Xom.
You were a toy of Xom.
You visited 1 branch of the dungeon, and saw 2 of its levels.

You collected 229 gold pieces.

Inventory:

Hand Weapons
 a - a +0 falchion of chaos (weapon)
 c - a +0 club
 d - a +0 dagger
 f - a +0 short sword
 k - a +0 club
 m - a +0 spear
 o - a +0 short sword
 q - a +0 dagger
 s - a +0 dagger
 D - a +0 sling
Missiles
 h - 11 stones
 y - 3 poisoned darts
 A - 3 javelins
Armour
 g - a +0 robe
 n - a +0 ring mail
 p - a +0 pair of boots (worn)
 r - a +0 scale mail
 v - a +0 ring mail
 w - a +0 scale mail
 z - a +0 robe
 C - a +0 scale mail
Scrolls
 j - 2 scrolls of enchant armour
 l - 2 scrolls of butterflies
 u - a scroll of identify
Potions
 e - a potion of brilliance
 i - a potion of flight
Miscellaneous
 b - a piece from Xom's chessboard (14/15) (quivered)


   Skills:
 + Level 4.0 Fighting
 + Level 4.1 Long Blades
 + Level 2.3 Dodging


You had 2 spell levels left.
You didn't know any spells.
Your spell library contained the following spells:

 Spells                   Type           Power      Damage    Failure   Level
 Necrotise                Necr           0%         1d4       38%         1
 Vampiric Draining        Necr           0%         2d6       77%         3
 Agony                    Necr           0%         N/A       100%        5


Dungeon Overview and Level Annotations

Branches:
Dungeon (2/15)

Altars:
Ru


Innate Abilities, Weirdness & Mutations

Your plain brown scales are hard. (AC +5)
You cannot fit into any form of body armour.
You are cold-blooded and may be slowed by cold attacks.
You have sharp toenails.
You are agile. (Dex +4, Str/Int -1)
You are dopey. (Int -2)
You frequently scream uncontrollably at your foes.
You occasionally lose the ability to read scrolls when taking damage.


Message History

The frilled lizard bites you.
You slash the frilled lizard!
You kill the frilled lizard!
You start resting.
HP restored.
As you read the scroll labelled FETAGU RUDWE, it crumbles to dust.
Magic quickly surges around you.
It was a scroll of vulnerability.
You see here a frilled lizard corpse.
You feel your willpower return.
A kobold comes into view. It is wielding a +0 club.
The kobold shouts!
A kobold is nearby!
The air fills with toxic fumes!
As you read the scroll labelled ACAYVV ENID, it crumbles to dust.
It was a scroll of poison.
Really walk into that cloud of poison gas? [Y]es or [N]o only, please.
Really walk into that cloud of poison gas? [Y]es or [N]o only, please.
Really walk into that cloud of poison gas? [Y]es or [N]o only, please.
Really walk into that cloud of poison gas?
Okay, then.
A kobold is nearby!
Really walk into that cloud of poison gas?
You are engulfed in poison gas.
You are poisoned.
You feel very sick.
You are engulfed in poison gas.
You are lethally poisoned!
You feel extremely sick.
You feel very sick.
* * * LOW HITPOINT WARNING * * *
You feel very sick.
* * * LOW HITPOINT WARNING * * *
You feel very sick.
There is a lethal amount of poison in your body!
There is a lethal amount of poison in your body!
As you read the scroll labelled IDUUSK TUOXZOVUOB, it crumbles to dust.
You feel a surge of unholy energy.
It was a scroll of torment.
You die...
Xom chortles!

# #.#......K....K....
## #.# ###.# ## .# #.#
#.# .# #.# #.# .# #.#
#.# .############.#
#.# ..............#
#.#
####################○#
................@..☼.#
######################


There were no monsters in sight!

Vanquished Creatures
  2 adders (D:2)
  4 endoplasms
  5 giant cockroaches
  4 goblins
  3 hobgoblins
  4 jackals (D:2)
  2 kobolds (D:2)
  2 ball pythons (D:2)
  2 frilled lizards
  4 rats
32 creatures vanquished.

Vanquished Creatures (collateral kills)
  An adder (D:2)
1 creature vanquished.

Grand Total: 33 creatures vanquished

Notes
Turn   | Place    | Note
-------+----------+-------------------------------------------
     0 | D:1      | shayaa the Draconian Chaos Knight began the quest for the
                  | Orb.
     0 | D:1      | Reached XP level 1. HP: 19/19 MP: 1/1
     9 | D:1      | You fall into a shaft and drop 1 floor!
   120 | D:2      | Reached XP level 2. HP: 19/26 MP: 2/2
   198 | D:2      | XOM: silly message
   374 | D:2      | XOM: 3-stop teleportation journey
   549 | D:2      | XOM: 3-stop teleportation journey
   557 | D:2      | XOM: summons 2 friendly demons
   564 | D:2      | Reached XP level 3. HP: 23/33 MP: 3/3
   782 | D:2      | XOM: noise
  1055 | D:2      | Gained mutation: You have sharp toenails. [potion of
                  | mutation]
  1055 | D:2      | Gained mutation: You have razor-sharp toenails. [potion of
                  | mutation]
  1118 | D:2      | XOM: scenery: summon butterflies
  1193 | D:2      | XOM: cloud trail
  1215 | D:2      | Gained mutation: You occasionally shout uncontrollably at
                  | your foes. [mutagenic glow]
  1231 | D:2      | Gained mutation: You frequently scream uncontrollably at
                  | your foes. [mutagenic glow]
  1239 | D:2      | Gained mutation: You are agile. (Dex +4, Str/Int -1)
                  | [mutagenic glow]
  1257 | D:2      | Gained mutation: You are dopey. (Int -2) [mutagenic glow]
  1349 | D:2      | Found a sacrificial altar of Ru.
  1814 | D:1      | XOM: give mutations
  1814 | D:1      | Gained mutation: You are frail. (-10% HP) [Xom's mischief]
  1814 | D:1      | Lost mutation: You have razor-sharp toenails. [Xom's
                  | mischief]
  1814 | D:1      | Lost mutation: You are frail. (-10% HP) [Xom's mischief]
  1814 | D:1      | Gained mutation: You occasionally lose the ability to read
                  | scrolls when taking damage. [Xom's mischief]
  2006 | D:1      | Found a faded altar of an unknown god.
  2331 | D:1      | Succumbed to their own poison gas

Illustrated notes

Levels and vault maps discovered:
D:1:      nagdon_arrival_zigzag_paths, layout_basic, serial_glass,
          glass_columns_a, glass_columns_a,
          shapermc_ecumenical_altar_mp_highgroup
D:2:      layout_basic, basic_altar, minmay_small_reverse_x

Skill      XL: |  1  2  3 |
---------------+----------+-----
Long Blades    | 4 |  4.1
Fighting       | 4 |  4.0
Dodging        | |  2.3

Action                   || total
-------------------------++-------
Melee: Falchion          ||    90
       Tailslap          ||     8
Evoke: Piece from Xom's  ||     4
  Use: Scroll            ||     7
       Potion            ||     4
 Stab: Paralysed         ||     1
Armor: Skin              ||    35
Dodge: Dodged            ||    76
